 Dungeon Crawl Stone Soup version 0.32-a0-616-g9348d4545b (webtiles) character file.

Game seed: 1594719882628767264

59 snetch the Conjurer (level 3, -1/19 HPs)
             Began as a Deep Elf Conjurer on Mar 5, 2024.
             Slain by a quokka (2 damage)
             ... on level 3 of the Dungeon.
             The game lasted 00:04:13 (1453 turns).

snetch the Conjurer (Deep Elf Conjurer)             Turns: 1453, Time: 00:04:14

Health: -1/19      AC:  2    Str:  4    XL:     3   Next: 78%
Magic:  1/9        EV:  6    Int: 24    God:
Gold:   33         SH:  0    Dex: 13    Spells: 7/8 levels left

rFire   . . .        d - +0 sling
rCold   . . .        (no shield)
rNeg    . . .        a - +0 robe
rPois   .            (no helmet)
rElec   .            (no cloak)
rCorr   .            (no gloves)
SInv    .            (no boots)
Will    .....        (no amulet)
Stlth   ++           (no ring)
HPRegen 0.23/turn    (no ring)
MPRegen 0.11/turn

%: no passive effects
@: held
A: no striking features
a: no special abilities


You were on level 3 of the Dungeon.
You visited 1 branch of the dungeon, and saw 3 of its levels.

You collected 53 gold pieces.
You spent 20 gold pieces at shops.

Inventory:

Hand Weapons
 d - a +0 sling (weapon)
 j - a +0 short sword
 r - a +0 quarterstaff
Missiles
 k - 3 poisoned darts
 l - 23 stones
Armour
 a - a +0 robe (worn)
 q - a +0 ring mail
Magical Staves
 f - a staff of alchemy
 t - a staff of cold
Talismans
 e - a flux talisman
Scrolls
 c - a scroll of blinking {unknown}
 i - 2 scrolls of fear {unknown}
 o - a scroll of identify {unknown}
 s - a scroll of enchant armour {unknown}
Potions
 b - a potion of magic
 g - 3 potions of lignification {unknown}
 h - a potion of invisibility {unknown}
 m - a potion of degeneration {unknown}
 n - a potion of haste {unknown}
 p - a potion of might {unknown}


   Skills:
 + Level 0.6 Ranged Weapons
 + Level 2.9 Dodging
 + Level 2.5 Stealth
 + Level 3.4 Spellcasting
 + Level 5.5 Conjurations


You had 7 spell levels left.
You knew the following spells:

 Your Spells              Type           Power      Damage    Failure   Level
a - Magic Dart            Conj           100%       1d8       1%          1

Your spell library contained the following spells:

 Spells                   Type           Power      Damage    Failure   Level
 Searing Ray              Conj           60%        2d6       1%          2
 Blink                    Tloc           8%         N/A       16%         2
 Call Imp                 Summ           8%         N/A       16%         2
 Ensorcelled Hibernation  Hex/Ice        8%         N/A       16%         2
 Passwall                 Erth           4%         N/A       30%         3
 Swiftness                Air            4%         N/A       30%         3
 Fulminant Prism          Conj/Alch      8%         3d7       32%         4
 Iskenderun's Mystic Bla  Conj/Tloc      17%        2d5       32%         4


Dungeon Overview and Level Annotations

Branches:
Dungeon (3/15)

Altars:

Shops:
D:1 *


Message History

Jessica is severely wounded.
Aiming: Magic Dart (safe; 1% risk of failure)
Press: ? - help, Q - select action, (/) - cycle Shift-Dir - straight line, f/p - Jessica
Aim: Jessica, wielding a +0 club and wearing a +0 robe (severely wounded, 100% to hit)
The magic dart hits Jessica.
You kill Jessica!
Aiming: Magic Dart (safe; 1% risk of failure)
Press: ? - help, Q - select action, (/) - cycle Shift-Dir - straight line, f - ribbon worm
Aim: a ribbon worm (catching its breath, 100% to hit)
The magic dart hits the ribbon worm but does no damage.
A quokka comes into view.
Unknown command.
Aiming: Magic Dart (safe; 1% risk of failure)
Press: ? - help, Q - select action, (/) - cycle Shift-Dir - straight line, f/p - ribbon worm
Aim: a ribbon worm (100% to hit)
The magic dart hits the ribbon worm.
The ribbon worm is lightly wounded.
Aiming: Magic Dart (safe; 1% risk of failure)
Press: ? - help, Q - select action, (/) - cycle Shift-Dir - straight line, f/p - ribbon worm
Aim: a ribbon worm (lightly wounded, 100% to hit)
The magic dart hits the ribbon worm.
The ribbon worm is heavily wounded.
Aiming: Magic Dart (safe; 1% risk of failure)
Press: ? - help, Q - select action, (/) - cycle Shift-Dir - straight line, f/p - ribbon worm
Aim: a ribbon worm (heavily wounded, 100% to hit)
The magic dart hits the ribbon worm.
The ribbon worm is heavily wounded.
Unknown command.
The magic dart hits the ribbon worm.
The ribbon worm is almost dead.
The ribbon worm bites you.
Aiming: Magic Dart (safe; 1% risk of failure)
Press: ? - help, Q - select action, (/) - cycle Shift-Dir - straight line, f/p - ribbon worm
Aim: a ribbon worm (almost dead, 100% to hit)
The magic dart hits the ribbon worm.
The ribbon worm is almost dead.
The ribbon worm bites you.
* * * LOW HITPOINT WARNING * * *
The quokka bites you.
You die...

......(.#.
....... .
.......#
......#
...#.####
#.....(.#
#.r^....#
#.@w....#
#.......#
#.......#
#.......#
#.......#
#.......#
#########


You could see a ribbon worm and a quokka.

Vanquished Creatures
  Jessica (D:3)
  A dart slug (D:2)
  5 endoplasms
  A goblin (D:1)
  A hobgoblin (D:1)
  4 jackals (D:1)
  A quokka (D:1)
  A ball python (D:1)
  3 bats (D:1)
  3 frilled lizards (D:1)
  6 kobolds
  3 rats (D:1)
30 creatures vanquished.

Notes
Turn   | Place    | Note
-------+----------+-------------------------------------------
     0 | D:1      | snetch the Deep Elf Conjurer began the quest for the Orb.
     0 | D:1      | Reached XP level 1. HP: 10/10 MP: 6/6
   242 | D:2      | Reached XP level 2. HP: 15/15 MP: 1/8
   341 | D:1      | Reached skill level 5 in Conjurations
   600 | D:1      | Found Koaneemm's Assorted Antiques.
   608 | D:1      | Bought a white potion for 20 gold pieces
   845 | D:1      | Reached XP level 3. HP: 19/19 MP: 5/9
  1444 | D:3      | Noticed Jessica
  1447 | D:3      | Killed Jessica
  1453 | D:3      | Slain by a quokka

Illustrated notes

Levels and vault maps discovered:
D:1:      arrival_zaba_pyramid, layout_basic, serial_shops, shop, hex_medium
D:2:      minmay_diamond_boxcup, layout_basic
D:3:      layout_rooms, serial_shops, nicolae_shop_hallway_plus,
          supply_closet_lemuel, uniq_jessica

Skill      XL: |  1  2 |
---------------+-------+-----
Conjurations   | 5 |  5.5
Ranged Weapons | |  0.6
Dodging        | |  2.9
Stealth        | |  2.5
Spellcasting   | |  3.4

Action                     || total
---------------------------++-------
   Fire: Sling             ||     9
   Cast: Magic Dart        ||    53
 Armour: Robe              ||     7
  Dodge: Dodged            ||     8

Table legend: (Time is in decaauts)
 A = Elapsed time spent in this place.
 B = Non-inter-level travel time spent in this place.
 C = Inter-level travel time spent in this place.
 D = Time resting spent in this place.
 E = Time spent auto-exploring this place.
 F = Levels seen in this place.
 G = Mean time per level.
                   A        B        C        D        E       F      G
               +--------+--------+--------+--------+--------+-----+--------+
         Total |   1455 |   1405 |     50 |      0 |   1078 |   3 |  485.0 |
       Dungeon |   1455 |   1405 |     50 |      0 |   1078 |   3 |  485.0 |
               +--------+--------+--------+--------+--------+-----+--------+

Top non-repeatable levels by time:
     D:1: 1179 daAuts
     D:2: 243 daAuts
     D:3: 31 daAuts
